[ PARTIDA AOE2 · #504574703 ]
UnrankedRomanos vs Georgians
Equipo del jugador · DERR
Equipo rival · VICT
[ ANÁLISIS DE REPETICIÓN · EXTRAÍDO DE LA PARTIDA GRABADA ]
Feudal
12:05
Castillos
22:50
Imperial
—
| APM promedio | 55.7 |
| APM pico | 79 |
| eAPM promedio | 33.5 |
| Aldeanos / militares | 216 / 318 |
Foco
⚔️ 40.8% · 🌾 59.2%
Spearman ×196 · Militia ×72 · Centurion ×17 · Skirmisher ×13 · Battering Ram ×8 · Monk ×6
Feudal
10:09
Castillos
25:22
Imperial
46:29
| APM promedio | 61.0 |
| APM pico | 103 |
| eAPM promedio | 25.9 |
| Aldeanos / militares | 184 / 199 |
Foco
⚔️ 32.8% · 🌾 67.2%
Knight ×78 · Cavalry Archer ×38 · Scout Cavalry ×29 · Skirmisher ×18 · Archer ×15 · Monk ×7
Mapa de la partida
Recursos iniciales + cada clic de construcción. Líneas = muros · curvas = relieve. ◆ oro · ⬟ piedra · ● bayas · ✦ reliquia · ◌ hueco del cierre
Tu base· Abierta — hueco de 6t
Base de Shahar18· Abierta — hueco de 5t
Terreno inicial suavizado · ◌ = hueco del cierre detectado · pasá el cursor para detalles
Inputs por minuto
— Feroker - - Shahar18
Build order — Feroker
Primeras 150 de 740 acciones detectadas
| 0:01 | Crear | Villager (Male) |
| 0:02 | Construir | House |
| 0:02 | Construir | House |
| 0:04 | Crear | Villager (Male) |
| 0:08 | Crear | Villager (Male) |
| 0:10 | Crear | Villager (Male) |
| 1:23 | Crear | Villager (Male) |
| 1:44 | Construir | Lumber Camp |
| 1:54 | Crear | Villager (Male) |
| 2:10 | Crear | Villager (Male) |
| 2:39 | Crear | Villager (Male) |
| 2:56 | Crear | Villager (Male) |
| 3:23 | Crear | Villager (Male) |
| 3:24 | Crear | Villager (Male) |
| 3:51 | Construir | House |
| 4:01 | Crear | Villager (Male) |
| 4:25 | Construir | Barracks |
| 4:35 | Crear | Villager (Male) |
| 4:36 | Crear | Villager (Male) |
| 4:36 | Crear | Villager (Male) |
| 4:50 | Construir | House |
| 5:14 | Crear | Villager (Male) |
| 5:18 | Crear | Militia |
| 5:19 | Crear | Militia |
| 5:40 | Crear | Villager (Male) |
| 5:56 | Crear | Militia |
| 6:00 | Construir | Mill |
| 6:11 | Crear | Villager (Male) |
| 6:25 | Crear | Militia |
| 6:39 | Crear | Villager (Male) |
| 6:55 | Crear | Militia |
| 6:56 | Crear | Villager (Male) |
| 7:02 | Construir | House |
| 7:16 | Crear | Villager (Male) |
| 7:19 | Construir | Mining Camp |
| 7:31 | Crear | Militia |
| 7:45 | Crear | Villager (Male) |
| 7:53 | Crear | Villager (Male) |
| 8:07 | Construir | Mill |
| 8:25 | Construir | Palisade Wall |
| 8:26 | Construir | Palisade Wall |
| 8:35 | Investigar | Loom |
| 9:02 | Crear | Villager (Male) |
| 9:04 | Construir | Farm |
| 9:09 | Construir | Farm |
| 9:22 | Construir | House |
| 9:55 | Investigar | Feudal Age |
| 10:16 | Construir | Farm |
| 10:21 | Construir | Farm |
| 10:25 | Crear | Militia |
| 10:54 | Crear | Villager (Male) |
| 11:58 | Construir | Palisade Wall |
| 11:59 | Construir | Palisade Wall |
| 12:01 | Construir | Palisade Wall |
| 12:05 | Edad | Edad Feudal |
| 12:08 | Construir | Blacksmith |
| 12:10 | Investigar | Man-at-Arms (upgrade) |
| 12:11 | Investigar | Double-Bit Axe |
| 12:13 | Crear | Villager (Male) |
| 12:18 | Construir | Palisade Wall |
| 12:19 | Construir | Palisade Wall |
| 12:19 | Construir | Palisade Wall |
| 12:20 | Construir | Palisade Wall |
| 13:00 | Crear | Villager (Male) |
| 13:07 | Investigar | Scale Mail Armor |
| 13:07 | Investigar | Scale Mail Armor |
| 13:08 | Crear | Villager (Male) |
| 13:13 | Construir | Palisade Wall |
| 13:13 | Construir | Palisade Wall |
| 13:19 | Construir | Archery Range |
| 13:24 | Crear | Villager (Male) |
| 13:57 | Crear | Villager (Male) |
| 14:07 | Construir | Farm |
| 14:10 | Investigar | Forging |
| 14:14 | Crear | Villager (Male) |
| 14:29 | Crear | Villager (Male) |
| 14:31 | Crear | Archer |
| 14:43 | Construir | House |
| 14:47 | Construir | Lumber Camp |
| 15:03 | Construir | Farm |
| 15:07 | Crear | Archer |
| 15:10 | Investigar | Fletching |
| 15:15 | Construir | Farm |
| 15:16 | Construir | Farm |
| 15:23 | Construir | House |
| 15:25 | Construir | House |
| 15:29 | Crear | Skirmisher |
| 15:33 | Crear | Villager (Male) |
| 15:36 | Construir | Farm |
| 15:46 | Crear | Skirmisher |
| 15:47 | Construir | Farm |
| 15:51 | Crear | Militia |
| 15:56 | Construir | House |
| 15:57 | Construir | House |
| 16:01 | Construir | Farm |
| 16:09 | Crear | Villager (Male) |
| 16:24 | Construir | Farm |
| 16:26 | Construir | Farm |
| 16:30 | Crear | Villager (Male) |
| 16:33 | Construir | Farm |
| 16:36 | Crear | Skirmisher |
| 16:52 | Crear | Villager (Male) |
| 16:55 | Crear | Spearman |
| 17:01 | Crear | Villager (Male) |
| 17:20 | Crear | Skirmisher |
| 17:21 | Crear | Villager (Male) |
| 17:32 | Construir | Farm |
| 17:32 | Crear | Villager (Male) |
| 17:46 | Construir | Farm |
| 17:56 | Crear | Villager (Male) |
| 18:47 | Crear | Villager (Male) |
| 18:50 | Construir | Market |
| 19:09 | Construir | Farm |
| 19:14 | Construir | Farm |
| 19:16 | Construir | Farm |
| 19:22 | Crear | Skirmisher |
| 19:37 | Crear | Villager (Male) |
| 20:10 | Investigar | Castle Age |
| 20:13 | Crear | Skirmisher |
| 20:23 | Crear | Villager (Male) |
| 20:28 | Construir | House |
| 20:29 | Construir | Palisade Wall |
| 20:34 | Crear | Skirmisher |
| 20:38 | Crear | Militia |
| 21:01 | Crear | Skirmisher |
| 21:04 | Construir | Archery Range |
| 21:11 | Crear | Militia |
| 21:12 | Crear | Militia |
| 21:28 | Crear | Villager (Male) |
| 21:37 | Crear | Militia |
| 21:38 | Crear | Skirmisher |
| 21:39 | Crear | Villager (Male) |
| 21:41 | Construir | Barracks |
| 21:51 | Crear | Villager (Male) |
| 21:56 | Crear | Skirmisher |
| 22:06 | Crear | Skirmisher |
| 22:08 | Crear | Skirmisher |
| 22:11 | Investigar | Horse Collar |
| 22:13 | Construir | Farm |
| 22:42 | Crear | Skirmisher |
| 22:42 | Crear | Villager (Male) |
| 22:43 | Crear | Militia |
| 22:44 | Crear | Militia |
| 22:50 | Edad | Edad de los Castillos |
| 23:02 | Investigar | Chain Mail Armor |
| 23:08 | Investigar | Squires |
| 23:18 | Construir | Town Center |
| 23:27 | Investigar | Long Swordsman (upgrade) |
| 23:38 | Crear | Villager (Male) |
| 23:41 | Construir | Lumber Camp |
Build order — Shahar18
Primeras 150 de 563 acciones detectadas
| 0:00 | Crear | Villager (Male) |
| 0:00 | Crear | Villager (Male) |
| 0:01 | Construir | House |
| 0:02 | Construir | House |
| 0:12 | Crear | Villager (Male) |
| 0:12 | Crear | Villager (Male) |
| 1:26 | Crear | Villager (Male) |
| 1:26 | Crear | Villager (Male) |
| 1:55 | Crear | Villager (Male) |
| 2:10 | Crear | Villager (Male) |
| 2:10 | Crear | Villager (Male) |
| 2:45 | Crear | Villager (Male) |
| 2:59 | Crear | Villager (Male) |
| 3:23 | Crear | Villager (Male) |
| 3:23 | Crear | Villager (Male) |
| 3:34 | Crear | Villager (Male) |
| 3:46 | Construir | House |
| 4:22 | Crear | Villager (Male) |
| 4:31 | Construir | Barracks |
| 4:38 | Crear | Villager (Male) |
| 4:59 | Crear | Villager (Male) |
| 5:04 | Crear | Villager (Male) |
| 5:04 | Crear | Villager (Male) |
| 5:18 | Construir | House |
| 5:27 | Crear | Villager (Male) |
| 5:29 | Crear | Militia |
| 5:29 | Crear | Militia |
| 5:57 | Crear | Militia |
| 6:07 | Crear | Militia |
| 6:25 | Construir | Mule Cart |
| 6:44 | Crear | Villager (Male) |
| 7:00 | Crear | Villager (Male) |
| 7:09 | Crear | Militia |
| 7:17 | Investigar | Loom |
| 7:25 | Crear | Villager (Male) |
| 7:37 | Construir | House |
| 7:46 | Crear | Villager (Male) |
| 7:57 | Investigar | Feudal Age |
| 7:57 | Investigar | Feudal Age |
| 8:40 | Crear | Villager (Male) |
| 8:45 | Construir | House |
| 9:11 | Construir | House |
| 9:13 | Crear | Villager (Male) |
| 9:16 | Construir | Mill |
| 9:49 | Construir | House |
| 9:54 | Construir | Palisade Wall |
| 9:56 | Construir | Palisade Wall |
| 10:09 | Edad | Edad Feudal |
| 10:16 | Construir | Stable |
| 10:18 | Crear | Villager (Male) |
| 10:27 | Construir | Palisade Wall |
| 10:34 | Investigar | Double-Bit Axe |
| 10:37 | Crear | Villager (Male) |
| 10:47 | Crear | Villager (Male) |
| 10:54 | Crear | Scout Cavalry |
| 10:59 | Construir | Farm |
| 11:36 | Crear | Villager (Male) |
| 11:41 | Construir | Farm |
| 11:42 | Construir | Farm |
| 11:44 | Construir | Farm |
| 11:47 | Construir | House |
| 11:58 | Construir | Farm |
| 12:14 | Crear | Villager (Male) |
| 12:19 | Construir | Farm |
| 12:37 | Crear | Villager (Male) |
| 13:06 | Crear | Villager (Male) |
| 13:17 | Construir | Archery Range |
| 13:21 | Construir | Palisade Wall |
| 13:25 | Crear | Villager (Male) |
| 13:33 | Construir | Farm |
| 13:33 | Crear | Villager (Male) |
| 13:44 | Crear | Villager (Male) |
| 13:51 | Construir | House |
| 13:53 | Construir | House |
| 13:54 | Crear | Villager (Male) |
| 14:12 | Crear | Villager (Male) |
| 14:12 | Crear | Villager (Male) |
| 14:16 | Crear | Archer |
| 14:16 | Crear | Archer |
| 14:19 | Construir | House |
| 14:26 | Construir | Farm |
| 14:27 | Construir | Farm |
| 14:30 | Construir | Blacksmith |
| 14:32 | Crear | Villager (Male) |
| 14:53 | Crear | Villager (Male) |
| 15:04 | Crear | Scout Cavalry |
| 15:06 | Construir | House |
| 15:20 | Crear | Villager (Male) |
| 15:33 | Crear | Villager (Male) |
| 15:43 | Construir | House |
| 15:46 | Construir | Farm |
| 15:48 | Crear | Archer |
| 16:16 | Investigar | Fletching |
| 16:18 | Crear | Villager (Male) |
| 16:18 | Construir | Archery Range |
| 16:25 | Crear | Skirmisher |
| 16:26 | Crear | Skirmisher |
| 16:32 | Construir | House |
| 16:36 | Construir | House |
| 16:38 | Construir | House |
| 16:46 | Crear | Skirmisher |
| 16:46 | Crear | Skirmisher |
| 16:49 | Crear | Villager (Male) |
| 16:55 | Crear | Villager (Male) |
| 16:58 | Construir | Farm |
| 16:59 | Construir | Farm |
| 17:00 | Crear | Skirmisher |
| 17:00 | Crear | Skirmisher |
| 17:11 | Construir | House |
| 17:12 | Construir | House |
| 17:19 | Crear | Skirmisher |
| 17:20 | Crear | Skirmisher |
| 17:28 | Crear | Villager (Male) |
| 17:35 | Construir | Watch Tower |
| 17:37 | Crear | Villager (Male) |
| 17:54 | Crear | Villager (Male) |
| 17:58 | Crear | Villager (Male) |
| 18:10 | Construir | House |
| 18:13 | Construir | Palisade Wall |
| 18:28 | Crear | Archer |
| 18:28 | Crear | Archer |
| 18:42 | Crear | Villager (Male) |
| 18:45 | Crear | Skirmisher |
| 18:48 | Construir | Market |
| 19:02 | Crear | Skirmisher |
| 19:03 | Crear | Villager (Male) |
| 19:14 | Crear | Villager (Male) |
| 19:33 | Crear | Skirmisher |
| 19:36 | Construir | Farm |
| 19:36 | Construir | Farm |
| 19:56 | Crear | Skirmisher |
| 19:56 | Crear | Skirmisher |
| 20:15 | Crear | Villager (Male) |
| 20:17 | Crear | Skirmisher |
| 20:19 | Construir | Mule Cart |
| 20:22 | Crear | Archer |
| 20:22 | Crear | Archer |
| 20:23 | Construir | Farm |
| 20:58 | Crear | Archer |
| 20:59 | Crear | Archer |
| 21:01 | Crear | Villager (Male) |
| 21:13 | Crear | Skirmisher |
| 21:13 | Crear | Skirmisher |
| 21:35 | Crear | Villager (Male) |
| 21:44 | Crear | Archer |
| 21:44 | Crear | Archer |
| 22:04 | Crear | Villager (Male) |
| 22:42 | Investigar | Castle Age |
| 22:44 | Crear | Archer |
| 22:44 | Crear | Archer |
Cronología de la partida
| 4:25 | Feroker · first_building Barracks |
| 4:31 | Shahar18 · first_building Barracks |
| 8:25 | Feroker · wall_segment Palisade Wall x1 |
| 8:26 | Feroker · wall_segment Palisade Wall x1 |
| 9:54 | Shahar18 · wall_segment Palisade Wall x1 |
| 9:56 | Shahar18 · wall_segment Palisade Wall x1 |
| 10:09 | Shahar18 · age_up feudal |
| 10:16 | Shahar18 · first_building Stable |
| 10:27 | Shahar18 · wall_segment Palisade Wall x9 |
| 11:58 | Feroker · wall_segment Palisade Wall x1 |
| 11:59 | Feroker · wall_segment Palisade Wall x1 |
| 12:01 | Feroker · wall_segment Palisade Wall x1 |
| 12:05 | Feroker · age_up feudal |
| 12:18 | Feroker · wall_segment Palisade Wall x1 |
| 12:19 | Feroker · wall_segment Palisade Wall x1 |
| 12:19 | Feroker · wall_segment Palisade Wall x1 |
| 12:20 | Feroker · wall_segment Palisade Wall x1 |
| 13:13 | Feroker · wall_segment Palisade Wall x1 |
| 13:13 | Feroker · wall_segment Palisade Wall x1 |
| 13:17 | Shahar18 · first_building Archery Range |
| 13:19 | Feroker · first_building Archery Range |
| 13:21 | Shahar18 · wall_segment Palisade Wall x1 |
| 18:13 | Shahar18 · wall_segment Palisade Wall x1 |
| 19:54 | Feroker · first_market_buy 100 food |
| 19:56 | Feroker · first_market_sell 100 wood |
| 20:29 | Feroker · wall_segment Palisade Wall x11 |
| 22:06 | Shahar18 · first_market_buy 100 food |
| 22:08 | Shahar18 · first_market_sell 100 wood |
| 22:50 | Feroker · age_up castle |
| 25:22 | Shahar18 · age_up castle |
| 25:41 | Shahar18 · wall_segment Palisade Wall x2 |
| 26:31 | Feroker · first_building Monastery |
| 26:36 | Shahar18 · first_building Monastery |
| 28:56 | Feroker · first_building Siege Workshop |
| 35:16 | Shahar18 · first_building Siege Workshop |
| 40:36 | Feroker · first_building Stable |
| 40:57 | Shahar18 · first_building Castle |
| 42:44 | Feroker · first_building Castle |
| 46:09 | Shahar18 · wall_segment Palisade Wall x1 |
| 46:10 | Shahar18 · wall_segment Palisade Wall x1 |
| 46:29 | Shahar18 · age_up imperial |
| 48:43 | Shahar18 · wall_segment Stone Wall x1 |
| 53:27 | Feroker · resign |
[ ANÁLISIS IA · 1 CRÉDITO ]
¿Qué pasó realmente en esta partida?
Wolo.gg analiza cada decisión: build order, eco, micro, errores típicos por bracket. Análisis personalizado por WhatsApp o Discord en 30 segundos.
Guía civ
Romanos
Perfil
Jugador #228725